[Event "WYCC 2018 G14"]
[Site "Halkidiki"]
[Date "2018.10.30"]
[Round "11"]
[White "Divya Deshmukh"]
[Black "Ning, Kaiyu"]
[Result "1-0"]
[ECO "C11"]
[WhiteElo "2180"]
[BlackElo "2217"]
[Annotator "NA"]
[PlyCount "75"]
[EventDate "2018.10.20"]
[EventType "swiss"]
[EventCountry "GRE"]
[SourceTitle "playchess.com"]
[Source "ChessBase"]
[SourceQuality "1"]
[TimeControl "40/5400+30:1800+30"]

1. e4 e6 2. Nf3 d5 3. Nc3 Nf6 4. e5 Nfd7 5. d4 c5 6. dxc5 Nc6 7. Bf4 Nxc5 8. a3 Be7 {[%emt 0:01:22] C11: French: Classical System: 4 e5 and 4 Bg5 dxe4} 9. b4 Nd7 10. Qd2 $146 ({Predecessor:} 10. Nb5 O-O 11. c4 a5 12. bxa5 Qxa5+ 13. Bd2 Qa4 14. cxd5 exd5 15. Nc7 Qe4+ 16. Be3 Rxa3 17. Rxa3 Bxa3 {0-1 (65) Aronian,L (2562)-Lputian,S (2608) Yerevan 2001}) 10... f6 11. Bb5 O-O 12. Bxc6 bxc6 13. O-O f5 14. Nd4 Nb8 15. Be3 a5 16. Nce2 a4 17. c4 dxc4 18. Qc3 g5 19. f4 g4 (19... c5 $16 {was worth a try.}) 20. Rfd1 Qe8 21. Qxc4 Qf7 22. Nxc6 Nxc6 23. Qxc6 Ra6 24. Qc7 Ra8 25. b5 Bd8 $18 26. Qxf7+ Kxf7 27. Rac1 Rb8 28. Bc5 Re8 29. Nd4 Ba5 30. Rc4 Rb7 31. Rxa4 Bc3 32. b6 Bd7 33. Rc4 Bxd4+ 34. Rcxd4 Rd8 35. a4 Ke8 36. Bd6 Bc6 37. Bc7 Rd5 38. Rxd5 1-0

[Event "WYCC 2018 G14"]
[Site "Halkidiki"]
[Date "2018.10.30"]
[Round "11"]
[White "Galvan Cipriani, Viviana"]
[Black "Somton, Anita"]
[Result "1-0"]
[ECO "A13"]
[WhiteElo "2109"]
[BlackElo "1787"]
[Annotator "NA"]
[PlyCount "57"]
[EventDate "2018.10.20"]
[EventType "swiss"]
[EventCountry "GRE"]
[SourceTitle "playchess.com"]
[Source "ChessBase"]
[SourceQuality "1"]
[TimeControl "40/5400+30:1800+30"]

1. c4 e6 2. Nf3 d5 3. b3 Nf6 4. g3 Be7 5. Bg2 O-O {[%emt 0:01:22] LiveBook: 1017 Games} 6. O-O c6 7. Bb2 Nbd7 8. d3 b6 9. Nbd2 Bb7 10. Qc2 c5 {[%emt 0:06:05] A14: English Opening: 1...e6 with b3 by White} (10... a5 11. a3 Rc8 12. Rac1 c5 13. e3 Qc7 14. Qb1 Qb8 15. cxd5 Bxd5 16. e4 Bc6 17. Nc4 Rfd8 18. Rfe1 {½-½ (66) Leon Hoyos,M (2603)-Yang,D (2485) Saint Louis 2012}) 11. e3 a5 $146 ({Predecessor:} 11... Qc7 12. Rac1 Rac8 13. Rfe1 Rfd8 14. cxd5 Nxd5 15. a3 Bf6 16. e4 Bxb2 17. Qxb2 Ne7 18. d4 {1-0 (38) Norberg,E (2289)-Karlsson,T (2293) Sweden 2009}) 12. a3 Bc6 13. Bc3 b5 14. cxb5 Bxb5 15. Rab1 (15. Rfb1 $11) 15... Qc8 16. a4 Bc6 17. d4 Bb7 18. Rfc1 cxd4 19. Nxd4 $11 Ba3 20. Rd1 Be7 21. Qb2 Nc5 22. Nb5 Nd3 23. Qa1 Rd8 24. Nf3 Nc5 25. Qb2 Ne8 26. Rbc1 Bf6 27. Bd4 Nd6 28. Nxd6 Rxd6 29. Qa3 1-0

[Event "WYCC 2018 G14"]
[Site "Halkidiki"]
[Date "2018.10.30"]
[Round "11"]
[White "Krasteva, Beloslava"]
[Black "Song, Yuxin"]
[Result "1/2-1/2"]
[ECO "E48"]
[WhiteElo "2089"]
[BlackElo "2178"]
[Annotator "NA"]
[PlyCount "91"]
[EventDate "2018.10.20"]
[EventType "swiss"]
[EventCountry "GRE"]
[SourceTitle "playchess.com"]
[Source "ChessBase"]
[SourceQuality "1"]
[TimeControl "40/5400+30:1800+30"]

1. d4 Nf6 2. c4 e6 3. Nc3 Bb4 4. e3 O-O 5. Bd3 d5 6. cxd5 exd5 7. Nge2 Re8 8. Bd2 {E48: Nimzo-Indian: Rubinstein: 5 Bd3 d5 including 6 Ne2, but excluding 6 a3} Nbd7 9. Rc1 a6 10. O-O Bd6 11. Nf4 c6 12. Qc2 $146 ({Predecessor:} 12. f3 Nf8 13. Kh1 Ng6 14. Nce2 Qb6 15. b3 Bd7 {½-½ (62) Fressinet,L (2645)-Gharamian,T (2614) Nimes 2018}) 12... Nf8 13. f3 Bxf4 14. exf4 Qb6 15. Ne2 Bf5 16. Bxf5 Rxe2 17. Qd3 Rae8 18. b3 N6d7 19. Rfe1 Rxe1+ 20. Rxe1 Rxe1+ 21. Bxe1 g6 22. Bxd7 Nxd7 23. f5 Qd8 24. fxg6 hxg6 25. Qe3 Qf6 26. g4 Qe6 27. Bf2 b6 28. Qd3 a5 29. Kg2 Kg7 30. a4 Qe7 31. Qe3 Qxe3 32. Bxe3 b5 33. Bd2 bxa4 34. bxa4 Nb6 35. Bxa5 Nxa4 36. Kf2 c5 37. dxc5 Nxc5 38. Bc3+ Kh6 39. Bd2+ Kg7 40. Ke3 Ne6 41. Bc3+ Kh6 42. Be5 g5 43. Bg3 Kg6 $11 44. h4 gxh4 45. Bxh4 f5 46. Be7 1/2-1/2

[Event "WYCC 2018 G14"]
[Site "Halkidiki"]
[Date "2018.10.30"]
[Round "11"]
[White "Dylag, Emilia"]
[Black "Behzad Nazif, Parva"]
[Result "1/2-1/2"]
[ECO "A45"]
[WhiteElo "2059"]
[BlackElo "1859"]
[Annotator "NA"]
[PlyCount "95"]
[EventDate "2018.10.20"]
[EventType "swiss"]
[EventCountry "GRE"]
[SourceTitle "playchess.com"]
[Source "ChessBase"]
[SourceQuality "1"]
[TimeControl "40/5400+30:1800+30"]

1. d4 Nf6 2. Nc3 d5 3. Bf4 g6 {D00: 1 d4 d5: Unusual lines} 4. e3 Bg7 5. h4 h5 6. Nf3 Bg4 (6... c6 7. Ne5 Nbd7 8. Be2 Ne4 9. Nxe4 dxe4 10. Nxd7 Bxd7 11. Qd2 {1-0 (45) Matlakov,M (2683)-Rakhmanov,A (2634) Sochi 2018}) 7. Be2 Bxf3 8. Bxf3 c6 9. O-O Nbd7 10. Re1 $146 ({Predecessor:} 10. e4 dxe4 11. Nxe4 Nxe4 12. Bxe4 {0-1 (41) Malakhovets,S (1923)-Itkin,D (2239) Quebec 2018}) 10... O-O 11. Rb1 Nh7 12. e4 dxe4 13. Nxe4 e5 14. dxe5 Qxh4 15. Bg3 Qd8 16. Nd6 h4 17. Bh2 Qg5 18. Nxf7 Rxf7 19. e6 Rxf3 20. Qxf3 Ndf6 21. Rbd1 Re8 22. Qb3 b6 23. e7+ Nd5 24. Qc4 Rxe7 25. Rxe7 Qxe7 26. Qxc6 Nhf6 27. c4 Qe2 28. Rf1 Nb4 29. Qc8+ Kh7 30. Qh3 Qxc4 31. g3 Nxa2 32. Qxh4+ Qxh4 33. gxh4 Nd5 34. Rd1 Nab4 35. b3 Bf6 36. Bd6 Nc3 37. Re1 Nc6 38. Kg2 Nd4 39. Ra1 a5 40. b4 Nf5 41. bxa5 Nb5 42. axb6 $11 Nfxd6 43. Ra7+ Kh6 44. b7 Nxb7 45. Rxb7 Nd4 46. Kh3 Nf5 47. Kg4 Bxh4 48. Rb5 1/2-1/2

[Event "WYCC 2018 G14"]
[Site "Halkidiki"]
[Date "2018.10.30"]
[Round "11"]
[White "Mironenko, Galina"]
[Black "Jaufarally, Nadia"]
[Result "1-0"]
[ECO "E63"]
[WhiteElo "2053"]
[BlackElo "1810"]
[Annotator "NA"]
[PlyCount "77"]
[EventDate "2018.10.20"]
[EventType "swiss"]
[EventCountry "GRE"]
[SourceTitle "playchess.com"]
[Source "ChessBase"]
[SourceQuality "1"]
[TimeControl "40/5400+30:1800+30"]

1. Nf3 Nf6 2. g3 g6 3. Bg2 Bg7 4. O-O O-O 5. d4 d6 6. c4 Nc6 7. Nc3 a6 8. e3 Rb8 9. Qe2 {[%emt 0:00:06] E63: King's Indian: Fianchetto: Panno Variation with 7...a6} Bd7 (9... b5 10. Rd1 e6 11. b3 bxc4 12. Qxc4 Nb4 13. a3 Nbd5 14. Ne2 Bd7 15. Qc2 Bb5 16. Re1 c5 {½-½ (48) Tomashevsky,E (2702)-Nakamura,H (2780) Palma de Mallorca 2017}) 10. Rd1 Na7 11. e4 b5 $146 ({Predecessor:} 11... Qc8 12. e5 Nh5 13. Be3 Nc6 14. exd6 exd6 15. Qd2 Bg4 16. Re1 Nf6 {1-0 (39) Sturua,Z (2594)-Stauch,E (2257) Bern 2000}) 12. e5 Ne8 13. Bg5 f6 14. Be3 fxe5 15. dxe5 Nc6 16. Bf4 Bg4 17. exd6 cxd6 18. Qe4 Bxf3 19. Qxf3 Ne5 20. Qd5+ Kh8 21. c5 Nc7 22. Qe4 Ne6 23. Be3 b4 24. Ne2 Qc7 25. cxd6 exd6 26. Rac1 Nc5 27. Qd5 Rbd8 28. Nf4 Qf7 29. Bxc5 $18 dxc5 30. Qxd8 Rxd8 31. Rxd8+ Bf8 32. Rxc5 g5 33. Rxe5 gxf4 34. Ree8 Qxa2 35. Rxf8+ Kg7 36. Rxf4 Qb1+ 37. Bf1 a5 38. Rd7+ Kg6 39. Kg2 {[%emt 0:00:42] Kf6} 1-0

[Event "WYCC 2018 G14"]
[Site "Halkidiki"]
[Date "2018.10.30"]
[Round "11"]
[White "Wikar, Martyna"]
[Black "Mehmed, Elif"]
[Result "1-0"]
[ECO "C50"]
[WhiteElo "2024"]
[BlackElo "2049"]
[Annotator "NA"]
[PlyCount "69"]
[EventDate "2018.10.20"]
[EventType "swiss"]
[EventCountry "GRE"]
[SourceTitle "playchess.com"]
[Source "ChessBase"]
[SourceQuality "1"]
[TimeControl "40/5400+30:1800+30"]

1. e4 e5 2. Nf3 Nc6 3. Bc4 Bc5 4. d3 Nf6 5. O-O h6 6. c3 d6 7. Bb3 {[%emt 0:01:52] C54: Giuoco Piano: 4 c3 Nf6, main lines with 5 d4 and 5 d3} (7. Re1 O-O 8. Nbd2 a6 9. a4 Ba7 10. Nf1 Be6 11. Bxe6 fxe6 12. Be3 Bxe3 13. Rxe3 a5 14. Ng3 Qe8 15. Qb3 {½-½ (30) Vocaturo,D (2615)-Mamedyarov,S (2820) Batumi 2018}) 7... a6 8. h3 Ba7 9. Re1 g5 10. Nh2 Rg8 11. Be3 g4 12. Bxa7 Rxa7 $146 ({Predecessor:} 12... gxh3 13. g3 Nxa7 14. Nd2 h5 {0-1 (50) Hou,Y (2584)-Nielsen,P (2680) Amsterdam 2009}) 13. g3 gxh3 14. Nd2 Ne7 15. Qf3 Ng6 16. Kh1 h5 17. d4 Qe7 18. Ndf1 h4 19. Ne3 hxg3 20. fxg3 Nf8 21. Rf1 Rg6 22. Rae1 Ra8 23. Nf5 Bxf5 24. exf5 e4 25. fxg6 $18 exf3 26. gxf7+ Kd7 27. Rxe7+ Kxe7 28. Nxf3 d5 29. Ne5 c6 30. Bc2 Rc8 31. g4 Ne6 32. Bf5 Rd8 33. Bxe6 Kxe6 34. g5 Nd7 35. Nxd7 1-0

[Event "WYCC 2018 G14"]
[Site "Halkidiki"]
[Date "2018.10.30"]
[Round "11"]
[White "Toncheva, Nadya"]
[Black "Murzina, Agata"]
[Result "1-0"]
[ECO "E42"]
[WhiteElo "2002"]
[BlackElo "1768"]
[Annotator "NA"]
[PlyCount "67"]
[EventDate "2018.10.20"]
[EventType "swiss"]
[EventCountry "GRE"]
[SourceTitle "playchess.com"]
[Source "ChessBase"]
[SourceQuality "1"]
[TimeControl "40/5400+30:1800+30"]

1. d4 Nf6 2. c4 e6 3. Nc3 Bb4 4. e3 c5 5. Nge2 O-O 6. a3 Bxc3+ 7. Nxc3 cxd4 8. exd4 d5 9. Be3 b6 10. cxd5 Nxd5 11. Bd3 Bb7 12. O-O f5 13. Re1 Nc6 14. Bc2 f4 15. Bc1 Qh4 16. Rxe6 f3 17. Re4 Nxc3 18. bxc3 $16 Qh5 19. g3 g5 20. h4 h6 21. Bb3+ Kg7 22. d5 Rad8 23. Be3 Qg6 24. Bd4+ Nxd4 25. Qxd4+ Qf6 26. Re7+ Rf7 27. Qxf6+ Kxf6 28. Re6+ Kf5 29. Rae1 gxh4 30. R1e5+ Kg4 31. Rg6+ Kh3 32. Re4 Rf4 33. Rxf4 hxg3 34. Rxg3# 1-0

[Event "WYCC 2018 G14"]
[Site "Halkidiki"]
[Date "2018.10.30"]
[Round "11"]
[White "Kamalidenova, Meruert"]
[Black "Hrebenshchykova, Yelyzaveta"]
[Result "0-1"]
[ECO "E61"]
[WhiteElo "1999"]
[BlackElo "1968"]
[Annotator "NA"]
[PlyCount "118"]
[EventDate "2018.10.20"]
[EventType "swiss"]
[EventCountry "GRE"]
[SourceTitle "playchess.com"]
[Source "ChessBase"]
[SourceQuality "1"]
[TimeControl "40/5400+30:1800+30"]

1. d4 Nf6 2. c4 g6 3. Nf3 Bg7 4. Nc3 d6 5. Bg5 h6 6. Bh4 g5 7. Bg3 Nh5 8. e3 Nxg3 9. hxg3 e6 {[%emt 0:00:27] E61: Königsindisch (Abweichungen der Hauptvariante)} (9... c5 10. d5 Qa5 11. Qc2 Nd7 12. Be2 Nf6 13. Nd2 a6 14. a4 Bd7 15. Ra3 O-O-O 16. f3 h5 17. Kf2 {½-½ (71) Jones,G (2629)-Costachi,M (2409) Bunratty 2016}) 10. Bd3 b6 $146 ({Vorgänger:} 10... Nd7 11. Qc2 Qe7 12. O-O-O Nf6 13. d5 c5 14. Nd2 a6 15. Nde4 Nxe4 16. Bxe4 O-O 17. dxe6 Bxe6 {1-0 (47) Krejci,J (2504)-Miesbauer,J (2321) Ceske Budejovice 2016}) 11. Qc2 Bb7 12. O-O-O Nd7 13. Ne1 Qe7 14. Qa4 c6 15. Nc2 a6 16. Be4 d5 17. cxd5 cxd5 18. Bd3 b5 19. Qa5 O-O 20. f4 Nf6 21. fxg5 hxg5 22. Ne2 Ne4 23. Bxe4 dxe4 24. g4 Rfc8 25. Kb1 Qd6 26. Qe1 Bd5 27. Rd2 Bc4 28. Nc1 b4 29. Qg1 Qg3 (29... Rc7 $17 30. Qh2 Qxh2 31. Rxh2 a5) 30. Qh2 Qxg4 31. Rf2 Ra7 32. b3 Bb5 33. Nxb4 a5 34. Rc2 Raa8 35. Rxc8+ Rxc8 36. Nc2 Qf5 37. g4 Qxg4 38. a4 Ba6 39. Qd2 Qf5 40. Kb2 Qd5 41. Rg1 f6 42. Rh1 Bd3 43. Ne1 e5 44. Ncxd3 exd3 45. Rf1 e4 46. Rg1 Bf8 47. Nxd3 exd3 48. Qxd3 Bg7 49. Ka2 Qf3 50. Qd2 Qe4 51. Kb2 Bf8 52. Rc1 Rxc1 53. Qxc1 Qg2+ 54. Kb1 Qd5 55. Qc2 f5 56. Kb2 g4 $19 57. Ka2 g3 58. Kb2 g2 59. Qf2 Qe4 0-1

[Event "WYCC 2018 G14"]
[Site "Halkidiki"]
[Date "2018.10.30"]
[Round "11"]
[White "Guillo Longares, Cecilia"]
[Black "Kurmangaliyeva, Liya"]
[Result "1-0"]
[ECO "D15"]
[WhiteElo "1998"]
[BlackElo "1733"]
[Annotator "NA"]
[PlyCount "87"]
[EventDate "2018.10.20"]
[EventType "swiss"]
[EventCountry "GRE"]
[SourceTitle "playchess.com"]
[Source "ChessBase"]
[SourceQuality "1"]
[TimeControl "40/5400+30:1800+30"]

1. d4 d5 2. c4 c6 3. Nc3 Nf6 4. Nf3 a6 5. Qb3 dxc4 6. Qxc4 b5 7. Qd3 e6 8. e4 c5 9. e5 c4 10. Qd1 Nd5 11. a4 Bb7 12. axb5 axb5 13. Rxa8 Bxa8 14. Bd2 Qb6 15. Be2 Be7 16. O-O Nd7 17. Qe1 Nxc3 18. bxc3 Qc6 19. Bd1 g5 20. Qe2 h5 21. Ne1 Nf8 22. Bc2 g4 23. f3 g3 24. hxg3 h4 25. Be4 Qc8 26. Bxa8 Qxa8 27. gxh4 Rxh4 28. Nc2 Ng6 29. g3 Rh7 30. Ra1 Qd5 31. Qe4 Qxe4 32. fxe4 Kd7 33. Bc1 Rh8 34. Rb1 Kc6 35. Ra1 Kb7 36. Kg2 Rg8 37. Ba3 Bg5 38. Bc5 Bd2 39. Ra7+ Kb8 40. Nb4 Nf4+ 41. Kf3 Nd3 42. Nc6+ Kc8 43. Bd6 Ne1+ 44. Ke2 1-0

[Event "WYCC 2018 G14"]
[Site "Halkidiki"]
[Date "2018.10.30"]
[Round "11"]
[White "Eizaguerri Floris, Maria"]
[Black "Jyothsna L"]
[Result "1/2-1/2"]
[ECO "B11"]
[WhiteElo "1987"]
[BlackElo "2060"]
[Annotator "NA"]
[PlyCount "83"]
[EventDate "2018.10.20"]
[EventType "swiss"]
[EventCountry "GRE"]
[SourceTitle "playchess.com"]
[Source "ChessBase"]
[SourceQuality "1"]
[TimeControl "40/5400+30:1800+30"]

1. e4 c6 2. Nc3 d5 3. Nf3 Bg4 4. h3 Bxf3 5. Qxf3 e6 6. d3 Nf6 7. Bd2 Nbd7 8. g4 Nb6 {[%emt 0:02:03] B11: Caro-Kann (Zweispringer-Variante)} (8... h6 9. h4 Qb6 10. O-O-O Ne5 11. Qe2 d4 12. Nb1 c5 13. f4 Nc6 14. Bh3 Nd7 15. g5 c4 16. g6 O-O-O 17. gxf7 {1-0 (47) Lu,S (2614)-Andreikin,D (2743) Moscow 2016 CBM 173 [Fischer,J]}) 9. g5 Nfd7 10. Qg3 $146 ({Vorgänger:} 10. h4 dxe4 11. Nxe4 Nc5 12. O-O-O Nba4 13. b3 Nb6 14. Bc3 Nd5 15. Bb2 Qa5 16. Kb1 {½-½ (61) Volovich,V (2306)-Mahalakshmi,M (2252) Moscow 2018}) 10... Bc5 11. h4 Qe7 12. Bh3 Bd6 13. f4 O-O 14. O-O f5 15. gxf6 (15. e5 $5 Bc5+ 16. Kh2 $11) 15... Rxf6 16. Kh1 Rg6 17. Qh2 Rh6 18. e5 Bc7 19. Be1 Rf8 20. Bg3 Kh8 21. Nd1 Bd8 22. Ne3 d4 23. Ng2 g6 24. Qg1 c5 25. c3 dxc3 26. bxc3 Nd5 27. c4 Nb4 28. Ne1 Nc6 29. Nf3 Nd4 30. Nxd4 cxd4 31. Qxd4 Qe8 32. Qe3 Kg7 33. d4 Nb6 34. Rac1 Bxh4 35. Bxh4 Rxh4 36. Kg2 Qf7 37. Kg3 Rh5 38. Bg4 Rh6 39. Qd3 $11 (39. Qa3 $16) 39... Qe7 40. Rh1 Qf7 41. Rhf1 Qe7 42. Kg2 1/2-1/2

[Event "WYCC 2018 G14"]
[Site "Halkidiki"]
[Date "2018.10.30"]
[Round "11"]
[White "Matus, Nastassja"]
[Black "Zeliantsova, Kseniya"]
[Result "1/2-1/2"]
[ECO "A48"]
[WhiteElo "1983"]
[BlackElo "1804"]
[Annotator "NA"]
[PlyCount "99"]
[EventDate "2018.10.20"]
[EventType "swiss"]
[EventCountry "GRE"]
[SourceTitle "playchess.com"]
[Source "ChessBase"]
[SourceQuality "1"]
[TimeControl "40/5400+30:1800+30"]

1. d4 Nf6 2. Nf3 g6 3. Bf4 d6 4. h3 Bg7 5. e3 O-O 6. Be2 Nbd7 7. O-O Qe8 8. Bh2 e5 9. c4 Qe7 10. Nc3 c6 11. Rc1 a6 {[%emt 0:04:25] A48: 1 d4 Nf6 2 Nf3 g6: Torre, London and Colle Systems} (11... Re8 12. c5 dxc5 13. dxe5 Nd5 14. Nxd5 cxd5 15. Qxd5 Nxe5 16. Bxe5 Bxe5 17. Bb5 Bxb2 18. Rc2 Rd8 19. Qxc5 Qxc5 20. Rxc5 {0-1 (55) Charochkina,D (2383)-Abdumalik,Z (2405) Doha 2016}) 12. b4 e4 13. Nd2 d5 14. Qb3 $146 ({Predecessor:} 14. cxd5 cxd5 15. Qb3 Qe6 16. Rc2 g5 17. Rfc1 h5 18. Nf1 Bh6 19. b5 {0-1 (43) Camposano,A (2048)-Calvo,A (2206) Manila 1990}) 14... Qe6 15. a4 Rd8 16. b5 Nf8 17. bxc6 bxc6 18. a5 Qf5 19. Na4 Be6 20. Nb6 Ra7 21. Qa4 dxc4 22. Ndxc4 Qg5 23. Bf4 Qh4 24. Bg3 Qh6 25. Ne5 Nd5 26. Qa3 Bxe5 27. Bxe5 Qg5 28. Kh2 f6 29. Bg3 h5 30. h4 Qf5 31. f3 g5 32. fxe4 Qxe4 33. Nxd5 Bxd5 34. Bf3 Qe6 35. Bxd5 cxd5 36. Qd3 Rg7 37. Rf5 Re8 (37... Nh7 $16) 38. hxg5 Rxg5 39. Rcf1 Qxe3 40. Qxe3 Rxe3 41. Rxg5+ fxg5 42. Rf5 Ne6 43. Rxd5 Ra3 44. Bd6 Ra4 45. Be5 Kf7 46. Rd7+ Kg6 47. Rd6 Kf5 48. Rxa6 $11 Nxd4 49. Bxd4 Rxd4 50. Rb6 1/2-1/2

[Event "WYCC 2018 G14"]
[Site "Halkidiki"]
[Date "2018.10.30"]
[Round "11"]
[White "Stepanyan, Eva"]
[Black "Garifullina, Leya"]
[Result "1/2-1/2"]
[ECO "C95"]
[WhiteElo "1981"]
[BlackElo "2106"]
[Annotator "NA"]
[PlyCount "144"]
[EventDate "2018.10.20"]
[EventType "swiss"]
[EventCountry "GRE"]
[SourceTitle "playchess.com"]
[Source "ChessBase"]
[SourceQuality "1"]
[TimeControl "40/5400+30:1800+30"]

1. e4 e5 2. Nf3 Nc6 3. Bb5 a6 4. Ba4 Nf6 5. O-O b5 6. Bb3 Be7 7. Re1 d6 8. c3 O-O 9. h3 Nb8 10. d4 Nbd7 11. Nbd2 Bb7 12. a4 c5 13. Bc2 Re8 14. dxe5 {[%emt 0:10:11] C95: Closed Ruy Lopez: Breyer Variation with 10 d4} (14. d5 c4 15. b3 cxb3 16. Nxb3 Qc7 17. Be3 Nb6 18. Nbd2 Nfd7 19. axb5 {½-½ (19) Areshchenko,A (2678)-Efimenko,Z (2651) Rivne 2016}) 14... dxe5 15. b3 Qc7 16. Qe2 Bc6 17. Bb2 Bf8 {[%emt 0:10:19] [#]} 18. Nf1 $146 ({Predecessor:} 18. Ra2 g6 19. Rea1 Qb7 20. axb5 axb5 21. Rxa8 Rxa8 22. Rxa8 Qxa8 {½-½ (50) Felgaer,R (2556)-Butnorius,A (2402) Gibraltar 2007}) 18... Qb7 19. Rab1 Nh5 20. g3 g6 21. N3d2 Ng7 22. Ne3 Ne6 23. Nd5 Ng5 24. axb5 axb5 25. Nf3 {[%emt 0:10:55] [#]} Nxe4 $1 26. Bxe4 Bxd5 27. Bxd5 Qxd5 28. Qxb5 Rab8 29. Qa4 Qxf3 30. Qxd7 Red8 31. Qa4 Rd2 32. Rf1 e4 33. Bc1 Re2 34. Rb2 Rd8 35. Rxe2 Qxe2 36. Be3 Qf3 37. b4 cxb4 38. cxb4 Rd3 39. Re1 h5 40. Qe8 Kg7 41. Qe5+ Kh7 42. Bd4 f6 43. Qxf6 Qxf6 44. Bxf6 Bxb4 45. Rxe4 Bf8 46. Re8 Kg8 47. Be7 Kf7 48. Rxf8+ Kxe7 49. Rf4 Ra3 50. Kg2 Rb3 51. g4 hxg4 52. hxg4 Ra3 53. Rf3 Ra5 54. Kg3 Rb5 55. Kh4 Ra5 56. g5 Ra4+ 57. Kg3 Ra6 58. Kg4 Rb6 59. Ra3 Rb4+ 60. f4 Kf7 61. Ra7+ Kg8 62. Rd7 Rb3 63. Re7 Ra3 64. Re4 Rb3 65. f5 gxf5+ 66. Kxf5 Rb6 67. Re5 Ra6 68. g6 Ra1 69. Kf6 Rf1+ 70. Rf5 Rxf5+ 71. Kxf5 $11 Kg7 72. Kg5 Kg8 1/2-1/2

[Event "WYCC 2018 G14"]
[Site "Halkidiki"]
[Date "2018.10.30"]
[Round "11"]
[White "Ziegenfuss, Antonia"]
[Black "Villanyi, Alexia"]
[Result "1-0"]
[ECO "E20"]
[WhiteElo "1969"]
[BlackElo "1709"]
[Annotator "NA"]
[PlyCount "53"]
[EventDate "2018.10.20"]
[EventType "swiss"]
[EventCountry "GRE"]
[SourceTitle "playchess.com"]
[Source "ChessBase"]
[SourceQuality "1"]
[TimeControl "40/5400+30:1800+30"]

1. d4 Nf6 2. c4 e6 3. Nc3 Bb4 4. f3 O-O 5. e4 d5 6. e5 Nfd7 7. h4 f6 8. Qb3 Nc6 9. Bd3 Nb6 10. c5 Nc4 11. f4 b6 12. cxb6 axb6 13. Nf3 Ba6 14. Qc2 f5 15. a3 Be7 16. b4 b5 17. g4 g6 18. h5 Kg7 19. Qg2 Qe8 20. Ra2 Bxb4 21. axb4 Nxb4 22. Bxc4 Nxa2 23. Bxa2 b4 24. Nd1 Rh8 25. gxf5 exf5 26. Bxd5 Rd8 27. Ng5 1-0

[Event "WYCC 2018 G14"]
[Site "Halkidiki"]
[Date "2018.10.30"]
[Round "11"]
[White "Lehaci, Miruna-Daria"]
[Black "Dhyana Patel"]
[Result "1-0"]
[ECO "B27"]
[WhiteElo "1933"]
[BlackElo "2002"]
[Annotator "NA"]
[PlyCount "153"]
[EventDate "2018.10.20"]
[EventType "swiss"]
[EventCountry "GRE"]
[SourceTitle "playchess.com"]
[Source "ChessBase"]
[SourceQuality "1"]
[TimeControl "40/5400+30:1800+30"]

1. e4 c5 2. Nf3 g6 3. d4 cxd4 4. Qxd4 Nf6 5. Nc3 Nc6 6. Qa4 d6 7. e5 dxe5 8. Nxe5 Qd4 {[%emt 0:00:32] B27: Sicilian: 2 Nf3, unusual Black 2nd moves} 9. Nxc6 Qxa4 10. Nxa4 bxc6 {[%emt 0:00:06] LiveBook: 36 Games} 11. Be3 Bg7 12. c3 $146 ({Predecessor:} 12. Bd4 O-O 13. Be2 Bf5 14. O-O-O Rfd8 15. Bf3 Bh6+ 16. Be3 Bxe3+ 17. fxe3 {1-0 (41) Khanin,S (2458)-Savchenko,B (2566) Taganrog 2018}) 12... O-O 13. Be2 Bf5 14. O-O Rfd8 15. Ba6 Bd3 16. Bxd3 Rxd3 17. Nc5 Rd5 18. c4 Rdd8 19. h3 Ne8 20. Nb7 Rdb8 21. Na5 Rc8 22. Rab1 Rab8 23. b4 Rc7 24. Rb3 Nd6 25. Re1 Re8 26. Rd3 Nf5 27. Bc5 e5 28. g4 Nh4 29. Red1 Rcc8 30. Bxa7 Bf8 31. a3 e4 32. Rd7 Nf3+ 33. Kg2 Ne5 34. Rb7 Nd3 35. Kf1 Re6 36. Rb8 Rxb8 37. Bxb8 Rf6 38. Bg3 c5 39. b5 Re6 40. Nb3 f5 41. gxf5 gxf5 42. Bc7 Kf7 43. Nc1 Nb2 44. Rd7+ Re7 45. b6 Rxd7 46. b7 Rd1+ 47. Kg2 Rxc1 48. b8=Q Nd3 49. Qc8 Ne1+ 50. Kg3 Rc3+ 51. Kf4 Rf3+ 52. Ke5 Nd3+ 53. Kd5 Rxf2 54. Qe6+ Kg7 55. Be5+ $2 (55. Qe8 $18) 55... Nxe5 56. Kxe5 Rg2 57. Qxf5 e3 58. Qf3 Rg5+ 59. Ke4 Bd6 60. Kd3 Be5 61. Qb7+ Kg6 62. Kxe3 Bd4+ 63. Kd2 Rf5 64. a4 Rf2+ 65. Kd3 Ra2 66. a5 Ra3+ 67. Ke4 Rxh3 68. a6 Re3+ 69. Kd5 Re5+ 70. Kc6 Re6+ 71. Kb5 Re3 72. Qg2+ $18 Kh6 73. a7 Rb3+ 74. Kc6 Ra3 75. Kb7 Rb3+ 76. Kc8 Re3 77. Qc6+ 1-0

[Event "WYCC 2018 G14"]
[Site "Halkidiki"]
[Date "2018.10.30"]
[Round "11"]
[White "Zhu, Evelyn"]
[Black "Mrudul Dehankar"]
[Result "1/2-1/2"]
[ECO "E32"]
[WhiteElo "1926"]
[BlackElo "1996"]
[Annotator "NA"]
[PlyCount "153"]
[EventDate "2018.10.20"]
[EventType "swiss"]
[EventCountry "GRE"]
[SourceTitle "playchess.com"]
[Source "ChessBase"]
[SourceQuality "1"]
[TimeControl "40/5400+30:1800+30"]

1. d4 Nf6 2. c4 e6 3. Nc3 Bb4 4. Qc2 O-O 5. a3 Bxc3+ 6. Qxc3 b6 7. Bg5 h6 8. Bh4 Bb7 9. f3 c5 10. dxc5 bxc5 11. e3 d5 {[%emt 0:30:06] E32: Nimzo-Indian: Classical (4 Qc2): 4...0-0} (11... d6 12. Nh3 Nbd7 13. Be2 a5 14. Bg3 Qb6 15. Rd1 d5 16. O-O a4 17. Rd2 Bc6 18. Rc1 Rfc8 19. Bf2 {½-½ (19) Kharitonov,A (2558)-Nikolov,M (2561) Aghios Kirykos 2017}) 12. Bxf6 Qxf6 13. Qxf6 gxf6 14. cxd5 exd5 15. Bb5 Bc6 $146 ({Predecessor:} 15... Nc6 16. Bxc6 Bxc6 17. Rc1 c4 18. Ne2 Rab8 {0-1 (47) Shitsuka,R-Priya Panneer,R (2106) Heraklio 2002}) 16. Bd3 Nd7 17. Ne2 Rab8 18. Rb1 Ne5 19. Kd2 Nxd3 20. Kxd3 Rb3+ 21. Nc3 ({White should play} 21. Kd2 $15) 21... Rfb8 22. Kc2 d4 23. exd4 cxd4 24. Ne4 d3+ 25. Kd2 Bxe4 26. fxe4 Rxb2+ 27. Rxb2 Rxb2+ 28. Kxd3 Rxg2 29. Rf1 Ra2 30. Rxf6 Rxa3+ 31. Kd4 Kg7 32. Rf2 a5 33. Rg2+ Kf6 34. Rf2+ Ke7 35. Rf5 Rh3 36. Rxa5 Rxh2 37. Ra6 Kf8 38. Ke3 Kg7 39. Kf3 Rh4 40. Rb6 Rh1 41. Rb5 Rf1+ 42. Kg2 Re1 43. Re5 Kg6 44. Kf2 Rb1 45. Ra5 Rb3 46. Ra6+ Kg5 47. Ra5+ Kg4 48. Rf5 Rb7 49. Rf6 h5 50. e5 Re7 51. Kg2 h4 52. Kh2 h3 53. Rf1 Ra7 54. Rg1+ Kh4 55. Rg7 Ra2+ 56. Kh1 $1 Rf2 $11 57. Rh7+ Kg4 58. Rg7+ Kh5 59. Rh7+ Kg6 60. Rxh3 Kf5 61. Kg1 Rf4 62. Re3 Rg4+ 63. Kf2 Re4 64. Ra3 Rxe5 65. Rf3+ Ke6 66. Ra3 f6 67. Kf3 Kf5 68. Ra4 Rb5 69. Rf4+ Kg6 70. Rg4+ Kf7 71. Ra4 Rb3+ 72. Kf4 Kg6 73. Ra5 Rb4+ 74. Kf3 Rh4 75. Kg3 Re4 76. Kf3 Rb4 77. Kg3 $11 1/2-1/2